 Dungeon Crawl Stone Soup version 0.29-a0-284-gf9362112df (webtiles) character file.

Game seed: 10679594372062853490

2982 sokol815 the Destroyer (level 9, 0/51 HPs)
             Began as an Octopode Fire Elementalist on Mar 22, 2022.
             Was an Initiate of Gozag.
             Engulfed by a steam dragon's steam (16 damage)
             ... on level 8 of the Dungeon.
             The game lasted 00:27:28 (8479 turns).

sokol815 the Destroyer (Octopode Fire Elementalist) Turns: 8479, Time: 00:27:29

Health: 0/51       AC:  1    Str: 14    XL:     9   Next: 83%
Magic:  12/12      EV: 13    Int: 21    God:    Gozag
Gold:   522        SH:  0    Dex: 18    Spells: 7/12 levels left

rFire   . . .      SeeInvis .   t - +4 mace of Puugiul {venom, rPois rC- rN+ Will++}
rCold   x . .      Faith    .   (no shield)
rNeg    + . .      Spirit   .   (helmet restricted)
rPois   +          Reflect  .   g - amulet of magic regeneration
rElec   .          Harm     .   q - +6 ring of strength
rCorr   .          Rampage  .   v - ring of Weth {Fly Will+ Dex+6}
Will    +++..                   (no ring)
Stlth   ++++......              (no ring)
HPRegen 0.17/turn               (no ring)
MPRegen 0.53/turn               (no ring)
                                (no ring)
                                (no ring)

@: gold aura, flying
A: almost no armour, amphibious, 8 rings, camouflage 1, gelatinous body 1,
(nimble swimmer 1), tentacles
a: Renounce Religion, Potion Petition, Call Merchant, Bribe Branch


You were on level 8 of the Dungeon.
You worshipped Gozag.
Gozag was pleased with you.
You visited 2 branches of the dungeon, and saw 9 of its levels.

You collected 859 gold pieces.
You spent 234 gold pieces at shops.
You paid 103 gold pieces to Gozag.

Inventory:

Hand Weapons
 d - a +1 mace of holy wrath
   (You found it on level 1 of the Dungeon)
 f - a +0 whip of electrocution
   (You took it off Pikel on level 6 of the Dungeon)
 m - a +2 rapier of holy wrath
   (You took it off Eustachio on level 4 of the Dungeon)
 r - the +3 trident "Buzuoth" {drain, rC+}
   (You bought it in a shop on level 6 of the Dungeon)

   A truly terrible weapon, it drains the life of any living foe it strikes.
   rC:        It protects you from cold.
 t - the +4 mace of Puugiul (weapon) {venom, rPois rC- rN+ Will++}
   (You found it on level 7 of the Dungeon)

   It poisons the flesh of those it strikes.
   rC:        It makes you vulnerable to cold.
   rPois:     It protects you from poison.
   rN:        It protects you from negative energy.
   Will:      It greatly increases your willpower.
 u - a +4 mace
   (You found it on level 7 of the Dungeon)
 z - a +2 falchion of holy wrath
   (You found it on level 8 of the Dungeon)
Missiles
 b - 3 boomerangs
 e - 3 datura-tipped darts
 k - 3 javelins
 s - 196 stones
 w - 2 curare-tipped darts
 x - 8 poisoned darts
Jewellery
 g - an amulet of magic regeneration (around mantle)
   (You found it on level 4 of the Dungeon)
 q - a +6 ring of strength (left tentacle)
   (You found it on level 5 of the Dungeon)
 v - the ring of Weth (right tentacle) {Fly Will+ Dex+6}
   (You found it on level 7 of the Dungeon)

   [ring of dexterity]

   Dex:       It affects your dexterity (+6).
   Fly:       It grants you flight.
   Will:      It increases your willpower.
Wands
 p - a wand of paralysis (15)
   (You found it on level 3 of the Dungeon)
 y - a wand of mindburst (6)
   (You found it on level 7 of the Dungeon)
Scrolls
 h - 3 scrolls of fog
 V - 5 scrolls of vulnerability {!r!r}
 W - a scroll of holy word {!r}
 X - a scroll of magic mapping {@r4!r}
 Y - 3 scrolls of teleportation {@r3}
Potions
 c - 2 potions of might {unknown}
 l - a potion of heal wounds {unknown}
 n - 2 potions of lignification {unknown}
 o - 3 potions of cancellation
 J - 3 potions of curing {@q1}
 M - 2 potions of magic
 T - 2 potions of berserk rage {!q}


   Skills:
 - Level 4.0 Short Blades
 - Level 2.0 Dodging
 - Level 6.0 Stealth
 - Level 2.0 Spellcasting
 + Level 8.9 Conjurations
 + Level 8.8 Fire Magic


You had 7 spell levels left.
You knew the following spells:

 Your Spells              Type           Power      Damage    Failure   Level
a - Foxfire               Conj/Fire      100%       2x1d9     1%          1
b - Flame Wave            Conj/Fire      39%        2d9       3%          4

Your spell library contained the following spells:

 Spells                   Type           Power      Damage    Failure   Level
 Scorch                   Fire           78%        2d8       1%          2
 Conjure Flame            Conj/Fire      39%        6-21      1%          3
 Inner Flame              Hex/Fire       20%        N/A       7%          3
 Beastly Appendage        Tmut           4%         N/A       14%         1
 Wereblood                Tmut           2%         N/A       22%         2
 Gell's Gravitas          Tloc           2%         N/A       41%         3
 Spider Form              Tmut/Pois      2%         N/A       41%         3
 Teleport Other           Tloc           2%         N/A       41%         3
 Dispersal                Tloc           1%         N/A       100%        6


Dungeon Overview and Level Annotations

Branches:
Dungeon (8/15)             Temple (1/1) D:5
   Lair: D:8-11

Altars:
Ashenzari
Cheibriados
Dithmenos
Elyvilon
Fedhas
Gozag
Hepliaklqana
Kikubaaqudgha
Makhleb
Okawaru
Qazlal
Ru
Sif Muna
Trog
Uskayaw
Vehumet
Wu Jian
Xom
Yredelemnul
Zin
The Shining One

Shops:
D:6 [**[

Annotations:
D:6 3 runed translucent doors, Blork the orc; Grinder; Sigmund; Strat's ghost, amateur BaAK
D:7 1 runed translucent door, Crazy Yiuf


Innate Abilities, Weirdness & Mutations

You cannot wear most types of armour.
You are amphibious.
You can wear up to eight rings at the same time.
Your skin changes colour to match your surroundings (Stealth+).
Your rubbery body absorbs attacks. (AC +1, EV +1)
((You are camouflaged when in or above water. (Stealth+)))
You have tentacles for arms and can constrict up to eight enemies at once.


Message History

The foxfire hits the kobold.
You kill the kobold!
You now have 11/12 mp.
Okay, then.
MP restored: 12 You now have 496 gold pieces (gained 9).
w - 2 curare-tipped darts (gained 1)
You see here a +0 dagger.
You now have 501 gold pieces (gained 5).
You see here a +0 dagger.
You now have 504 gold pieces (gained 3).
x - 5 poisoned darts
Things that are here:
a +0 short sword; a +2 falchion of holy wrath You now have 510 gold pieces (gained 6).
You see here a +0 club.
Things that are here:
a +0 short sword; a +2 falchion of holy wrath
z - a +2 falchion of holy wrath You drop a +1 short sword.
You drop a +0 war axe.
You drop a +0 hunting sling.
Unknown command.
V - 5 scrolls of vulnerability {!r!r} (gained 1)
You see here a +0 club.
You now have 516 gold pieces (gained 6).
You see here a +0 whip.
Search for what [Enter for "rpois", or ? for help]? ego
Items here: )))).
A kobold brigand comes into view.
It is wielding a +0 short sword and quivering poisoned darts.
You conjure some foxfire!
You now have 11/12 mp.
You conjure some foxfire!
You conjure some foxfire!
The foxfire hits the kobold brigand.
The kobold brigand shouts!
You now have 10/12 mp.
The foxfire hits the kobold brigand.
You hear a shout!
You conjure some foxfire!
You now have 10/12 mp.
MP restored: 12 You conjure some foxfire!
You now have 11/12 mp.
You conjure some foxfire!
You conjure some foxfire!
The foxfire hits the kobold brigand. x2; The foxfire hits the kobold brigand!
You kill the kobold brigand!
You now have 10/12 mp.
You start resting.
MP restored: 12 A kobold comes into view.
It is wielding a +0 club.
You conjure some foxfire!
You conjure some foxfire!
The foxfire hits the kobold.
You now have 11/12 mp.
You conjure some foxfire!
The foxfire hits the kobold.
You kill the kobold!
You start resting.
MP restored: 12
x - 8 poisoned darts (gained 3)
Found an escape hatch in the floor.
a - a scroll labelled WAB HAPLOTUONO
As you read the scroll labelled WAB HAPLOTUONO, it crumbles to dust.
A profound silence engulfs you.
It was a scroll of silence.
You now have 522 gold pieces (gained 6).
You see here a +0 club.
You start waiting.
A kobold comes into view. It is wielding a +0 short sword.
Your hearing returns.
A steam dragon comes into view.
You barely miss the kobold.
The steam dragon hisses angrily.
You grab the kobold. You squeeze the kobold. You constrict the kobold.
You kill the kobold!
You start waiting.
A steam dragon is nearby!
The steam dragon bites you. The steam dragon claws you.
You take 3 damage, and have 48/51 hp.
You hit the steam dragon but do no damage.
The steam dragon is poisoned.
The steam dragon bites you. The steam dragon claws you.
The steam dragon closely misses you. x2
You take 10 damage, and have 38/51 hp.
You hit the steam dragon but do no damage.
You squeeze the steam dragon. The steam dragon misses you.
The steam dragon claws you.
You take 5 damage, and have 33/51 hp.
You hit the steam dragon.
The steam dragon looks as sick as possible!
The steam dragon closely misses you. The steam dragon claws you.
The steam dragon breathes steam at you. The ball of steam hits you!
You take 17 damage, and have 16/51 hp.
MASSIVE DAMAGE!!
You hit the steam dragon.
The steam dragon looks as sick as possible!
You are engulfed in a cloud of scalding steam.
You die...
Your body crumbles into a pile of gold.

..........)...........K.#
####.......####.##.#..#.#
#.#)..#.# #.##.#.$#.# #.#...#.#
#.......#.# #.#)))#.#
#.##.##)#.### #.......#
#...........#
###?..######.##......#.####
#............##......#....####
#.##.#..####ยง@D....#....#.....
#.........##.####.####....#
...###..#......##.# #.####
##............#.##.. .>.#
#########.####.######### #.#
#.# #.# ##.# ..# #.<# ### #.##


You could see a steam dragon (extremely poisoned).

Vanquished Creatures
  Pikel (D:6)
  Eustachio (D:4)
  A water moccasin (D:6)
  2 ice beasts (D:7)
  3 black bears
  3 ogres
  3 kobold brigands (D:8)
  3 necrophages
  3 bullfrogs
  3 scorpions
  4 killer bees (D:7)
  6 hounds
  A jelly (D:6)
  4 iguanas
  Ijyb (D:5)
  An orc wizard (D:6)
  8 gnolls
  10 adders
  A shadow imp (D:6)
  An ufetubus (D:5)
  3 worms
  A dart slug (D:2)
  10 orcs
  6 ball pythons
  3 endoplasms
  3 giant cockroaches
  4 goblins
  6 hobgoblins
  6 jackals
  14 kobolds
  3 quokkas (D:2)
  8 bats
  3 frilled lizards (D:1)
  11 rats
141 creatures vanquished.

Vanquished Creatures (collateral kills)
  6 foxfires
6 creatures vanquished.

Vanquished Creatures (others)
  633 foxfires
  A fungus (D:7)
  18 plants (D:1)
652 creatures vanquished.

Grand Total: 799 creatures vanquished

Notes
Turn   | Place    | Note
-------+----------+-------------------------------------------
     0 | D:1      | sokol815 the Octopode Fire Elementalist began the quest for
                  | the Orb.
     0 | D:1      | Reached XP level 1. HP: 11/11 MP: 3/3
    99 | D:1      | Found a faded altar of an unknown god.
   219 | D:1      | Reached skill level 2 in Conjurations
   219 | D:1      | Reached XP level 2. HP: 11/17 MP: 1/5
   623 | D:1      | Reached XP level 3. HP: 21/21 MP: 3/6
   913 | D:1      | Reached skill level 3 in Conjurations
  1667 | D:2      | Reached XP level 4. HP: 27/27 MP: 4/7
  2985 | D:4      | Noticed Eustachio
  3026 | D:4      | Noticed an ogre
  3086 | D:4      | Reached skill level 3 in Stealth
  3132 | D:4      | Reached XP level 5. HP: 31/31 MP: 5/8
  3202 | D:4      | Killed an ogre
  3203 | D:4      | Reached skill level 4 in Stealth
  3203 | D:4      | Reached skill level 4 in Conjurations
  3203 | D:4      | Reached skill level 4 in Fire Magic
  3203 | D:4      | Reached XP level 6. HP: 36/36 MP: 3/9
  3252 | D:4      | Reached skill level 5 in Stealth
  3403 | D:4      | HP: 12/54 [shadow imp[Eustachio] (2)]
  3404 | D:4      | Killed Eustachio
  3405 | D:4      | Reached skill level 6 in Stealth
  3639 | D:5      | Entered Level 5 of the Dungeon
  3724 | D:5      | Found a staircase to the Ecumenical Temple.
  3731 | Temple   | Entered the Ecumenical Temple
  3841 | Temple   | Became a worshipper of Gozag Ym Sagoz the Greedy
  3881 | D:5      | Reached XP level 7. HP: 41/41 MP: 10/10
  4057 | D:5      | Noticed Ijyb
  4066 | D:5      | Paralysed by Ijyb for 7 turns
  4077 | D:5      | Killed Ijyb
  4393 | D:5      | Reached skill level 5 in Conjurations
  4440 | D:5      | Reached skill level 1 in Short Blades
  4440 | D:5      | Reached skill level 5 in Fire Magic
  4635 | D:5      | Reached skill level 2 in Short Blades
  5208 | D:6      | Learned a level 4 spell: Flame Wave
  5224 | D:6      | Reached skill level 3 in Short Blades
  5224 | D:6      | Reached XP level 8. HP: 41/46 MP: 7/11
  5559 | D:6      | Reached skill level 4 in Short Blades
  5586 | D:6      | Found Inep's General Store.
  5587 | D:6      | Found Mamoraz's Antique Armour Boutique.
  5588 | D:6      | Found Wiwuciuq's Armour Boutique.
  5588 | D:6      | Found Bonair's Assorted Antiques.
  5599 | D:6      | Noticed Pikel
  5637 | D:6      | Killed Pikel
  5638 | D:6      | Reached skill level 6 in Conjurations
  5638 | D:6      | Reached skill level 6 in Fire Magic
  5746 | D:6      | Reached skill level 7 in Conjurations
  5746 | D:6      | Reached skill level 7 in Fire Magic
  5746 | D:6      | Reached XP level 9. HP: 26/51 MP: 9/12
  5993 | D:6      | Bought a brightly glowing trident for 212 gold pieces
  5993 | D:6      | Identified the +3 trident "Buzuoth" {drain, rC+} (You
                  | bought it in a shop on level 6 of the Dungeon)
  5993 | D:6      | Bought a sapphire potion for 22 gold pieces
  6024 | D:6      | Noticed Strat's ghost (amateur BaAK)
  6025 | D:6      | Noticed a seven-headed hydra
  6033 | D:6      | Noticed Blork the orc
  6034 | D:6      | Found a runed translucent gate.
  6034 | D:6      | Found a runed translucent gate.
  6036 | D:6      | Found a runed translucent gate.
  6041 | D:6      | Noticed Sigmund
  6430 | D:6      | Noticed Grinder
  6546 | D:7      | Identified the +4 mace of Puugiul {venom, rPois rC- rN+
                  | Will++}
  6548 | D:7      | Found a runed translucent door.
  6550 | D:7      | Noticed Crazy Yiuf
  6612 | D:7      | Identified the ring of Weth {Fly Will+ Dex+6}
  6837 | D:7      | Reached skill level 8 in Conjurations
  6837 | D:7      | Reached skill level 8 in Fire Magic
  8109 | D:8      | HP: 9/51 [kobold/+0 whip (5)]
  8479 | D:8      | Engulfed by a steam dragon's steam

Illustrated notes

Levels and vault maps discovered:
D:1:      denvon_arrival_planthouse, layout_loops_ring,
          ebering_ecumenical_altar_webs, minmay_pentomino_z4
D:2:      layout_basic, grunt_ministairs_13
D:3:      layout_rooms
D:4:      layout_gridville, uniq_eustachio
D:5:      layout_basic, minmay_temple_entry_mist, cheibrodos_gnoll_hut,
          uniq_ijyb
D:6:      layout_layer_cave, gammafunk_ghost_split,
          hangedman_abyss_or_decor_passed, st_stairs_9, minmay_shop_grid_forest,
          uniq_blork_the_orc, uniq_sigmund, uniq_grinder, uniq_pikel
D:7:      layout_cave_pods, uniq_crazy_yiuf_cottage
D:8:      layout_loops_cross, mainiacjoe_overflow_tiny_flanked,
          erik_lair_orcish_takeover
Temple:   regret_index_temple_sigil_plot

Skill      XL: |  1  2  3  4  5  6  7  8  9 |
---------------+----------------------------+-----
Conjurations   | 2 3 4 5 7 8 |  8.9
Stealth        | 3 4 6 |  6.0
Fire Magic     | 4 5 7 8 |  8.8
Short Blades   | 3 4 |  4.0
Dodging        | |  2.0
Spellcasting   | |  2.0

Action                   |  1- 3 |  4- 6 |  7- 9 || total
-------------------------+-------+-------+-------++-------
Melee: Short sword       |    30 |    13 |       ||    43
       Constrict         |     6 |     2 |    10 ||    18
       Tentacles         |     7 |     1 |    10 ||    18
       Punch             |     2 |       |     1 ||     3
       Rapier            |       |       |    35 ||    35
       Mace              |       |       |     9 ||     9
 Cast: Foxfire           |    51 |    91 |   217 ||   359
  Use: Scroll            |     5 |     5 |     6 ||    16
       Potion            |       |     1 |     4 ||     5
 Stab: Sleeping          |     4 |     2 |       ||     6
Armor: Skin              |     4 |       |     1 ||     5
Dodge: Dodged            |    14 |     9 |    33 ||    56

Table legend: (Time is in decaauts)
 A = Elapsed time spent in this place.
 B = Non-inter-level travel time spent in this place.
 C = Inter-level travel time spent in this place.
 D = Time resting spent in this place.
 E = Time spent auto-exploring this place.
 F = Levels seen in this place.
 G = Mean time per level.
                   A        B        C        D        E       F      G
               +--------+--------+--------+--------+--------+-----+--------+
         Total |   8518 |   8164 |    354 |   2433 |   4313 |   9 |  946.4 |
       Dungeon |   8379 |   8053 |    326 |   2433 |   4230 |   8 | 1047.4 |
        Temple |    138 |    110 |     28 |      0 |     83 |   1 |  138.0 |
               +--------+--------+--------+--------+--------+-----+--------+

Top non-repeatable levels by time:
     D:5: 1527 daAuts
     D:6: 1416 daAuts
     D:7: 1364 daAuts
     D:1: 1239 daAuts
     D:2: 997 daAuts
     D:4: 809 daAuts
     D:3: 607 daAuts
     D:8: 417 daAuts
  Temple: 138 daAuts

Table legend:
 A = Kills in this place as a percentage of kills in entire the game.
 B = Kills by you in this place as a percentage of kills by you in the entire game.
 C = Kills by friends in this place as a percentage of kills by friends in the entire game.
 D = Other kills in this place as a percentage of other kills in the entire game.
 E = Experience gained in this place as a percentage of experience gained in the entire game.
 F = Experience gained in this place divided by the number of levels of this place that you have seen.
                   A       B       C       D       E      F
               +-------+-------+-------+-------+-------+----------------------
         Total | 100.0 | 100.0 |   N/A |   N/A | 100.0 | 473.3
       Dungeon | 100.0 | 100.0 |   N/A |   N/A | 100.0 | 532.5
               +-------+-------+-------+-------+-------+----------------------
